 Seeded DCSS version 0.30-a0-476-g330ca2eb8e (webtiles) character file.

Game seed: 16792993399291170163 (custom seed)

13011 purpskrrrp the Marksant (level 12, 0/96 HPs)
             Began as a Formicid Hunter on Dec 22, 2022.
             Was a Priest of Ashenzari.
             Slain by a hornet (6 damage)
             ... on level 11 of the Dungeon.
             The game lasted 00:21:31 (10231 turns).

purpskrrrp the Marksant (Formicid Hunter)          Turns: 10231, Time: 00:21:31

Health: 0/96       AC:  8    Str: 30    XL:     12   Next: 27%
Magic:  0/12       EV: 17    Int: 16    God:    Ashenzari [***...]
Gold:   670        SH:  0    Dex: 19    Spells: 12/12 levels left

rFire   . . .      SeeInvis +    e - +10 sling "Share My Sybil" {freeze, Fragile Str+6, Range, Self} (curse)
rCold   . . .      Faith    .    (no shield)
rNeg    . . .      Spirit   +    c - +0 leather armour
rPois   .          Reflect  .    (helmet unavailable)
rElec   .          Harm     .    (no cloak)
rCorr   .          Rampage  .    A - +0 pair of gloves
Will    +....      Clarity  +    u - +1 pair of boots of Ashenzari's Ordeal {Self, Melee} (curse)
Stlth   ++........               m - amulet "Stellar Disappointment" {Spirit, Bglg, Self} (curse)
HPRegen 0.36/turn                k - ring "Share My Lethargy" {Int+6, Self, Cun} (curse)
MPRegen 0.13/turn                l - +6 ring of strength

@: lethally poisoned (0 -> -5), studying Dodging
A: permanent stasis, dig shafts and tunnels, antennae 3, four strong arms,
iridescent scales 1
a: Dig, Shaft Self, Renounce Religion, Curse Item, Shatter the Chains


You were on level 11 of the Dungeon.
You worshipped Ashenzari.
Ashenzari was most pleased with you.
You visited 1 branch of the dungeon, and saw 11 of its levels.

You collected 670 gold pieces.

Inventory:

Hand Weapons
 a - a +1 shortbow
 e - the cursed +10 sling "Share My Sybil" (weapon) {freeze, Fragile Str+6, Range, Self}
   (You acquired it on level 2 of the Dungeon)

   Any ammunition fired from it freezes those it strikes, dealing additional
   cold damage.
   It can also slow down cold-blooded creatures.
   Str:       It affects your strength (+6).
   Fragile:   It will be destroyed if unequipped.
   It has a curse which improves the following skills: Ranged Combat: Ranged
   Weapons and Throwing.
   Introspection: Fighting and Spellcasting.
Missiles
 r - 3 throwing nets
Armour
 c - a +0 leather armour (worn)
 u - the cursed +1 pair of boots of Ashenzari's Ordeal (worn) {Self, Melee}
   (You found it on level 4 of the Dungeon)

   It has a curse which improves the following skills: Introspection: Fighting
   and Spellcasting.
   Melee Combat: Short Blades, Long Blades, Axes, Maces & Flails, Polearms,
   Staves and Unarmed Combat.
 A - a +0 pair of gloves (worn)
Jewellery
 d - a ring of resist corrosion
 g - a ring of ice
 k - the cursed ring "Share My Lethargy" (left hand) {Int+6, Self, Cun}
   (You found it on level 1 of the Dungeon)

   [ring of intelligence]

   Int:       It affects your intelligence (+6).
   It has a curse which improves the following skills: Introspection: Fighting
   and Spellcasting.
   Cunning:   Dodging and Stealth.
 l - a +6 ring of strength (right hand)
 m - the cursed amulet "Stellar Disappointment" (around neck) {Spirit, Bglg, Self}
   (You found it on level 2 of the Dungeon)

   [amulet of guardian spirit]

   It causes incoming damage to be divided between your reserves of health and
   magic.
   It has a curse which improves the following skills: Beguiling: Conjurations,
   Hexes and Translocations.
   Introspection: Fighting and Spellcasting.
 s - a ring of wizardry
Wands
 t - a wand of iceblast (34)
 v - a wand of flame (27)
 B - a wand of acid (4)
 D - a wand of polymorph (4)
 E - a wand of charming (12)
Scrolls
 b - 3 scrolls of immolation
 f - 4 scrolls of noise
 h - 2 scrolls of vulnerability
 j - 6 scrolls of teleportation
 n - 4 scrolls of poison
 o - a scroll of magic mapping
 p - 6 scrolls of identify
 x - a scroll of enchant weapon
 y - a scroll of fog
 z - a scroll of silence
 G - a scroll of amnesia
Potions
 i - 4 potions of might
 q - 3 potions of haste
 w - a potion of flight
 F - a potion of brilliance


   Skills:
 + Level 5.6(9.5) Fighting
 + Level 19.4(20.8) Ranged Weapons
 + Level 6.5(8.1) Dodging
 - Level 1.2(2.2) Stealth


You had 12 spell levels left.
You didn't know any spells.
Your spell library contained the following spells:

 Spells                   Type           Power      Damage    Failure   Level
 Apportation              Tloc           2%         N/A       26%         1
 Necrotise                Necr           0%         1d4       26%         1
 Summon Small Mammal      Summ           0%         N/A       26%         1
 Ensorcelled Hibernation  Hex/Ice        0%         N/A       36%         2
 Static Discharge         Conj/Air       0%         2-2/arc   36%         2
 Passwall                 Tmut/Erth      0%         N/A       38%         2
 Portal Projectile        Hex/Tloc       2%         N/A       58%         3
 Vhi's Electric Charge    Tloc/Air       0%         N/A       61%         3
 Call Canine Familiar     Summ           0%         N/A       63%         3
 Leda's Liquefaction      Hex/Erth       0%         N/A       95%         4
 Summon Lightning Spire   Summ/Air       0%         N/A       95%         4
 Arcjolt                  Conj/Air       0%         1d10      100%        5
 Lightning Bolt           Conj/Air       0%         1d11      100%        5
 Storm Form               Tmut/Air       0%         N/A       100%        7
 Maxwell's Capacitive Co  Air            0%         ∞         100%        8
 Swiftness                Air            Unusable   N/A       N/A         3

Dungeon Overview and Level Annotations

Branches:
Dungeon (11/15)            Temple (0/1) D:7            Lair (0/5) D:8
    Orc (0/2) D:9

Altars:
Ashenzari
Cheibriados
Dithmenos
Elyvilon
Fedhas
Gozag
Hepliaklqana
Kikubaaqudgha
Makhleb
Nemelex Xobeh
Okawaru
Ru
Sif Muna
Uskayaw
Yredelemnul
Zin
The Shining One

Shops:
D:5 (?

Annotations:
D:4 1 runed translucent door, elongatedgoose's ghost, amateur SpBr
D:7 2 transporters, Iich's ghost, novice GrEE


Innate Abilities, Weirdness & Mutations

You cannot be hasted, slowed, berserked, paralysed or teleported.
You can dig through walls and to a lower floor.
You have a pair of large antennae on your head. (SInv)
Your four strong arms can wield two-handed weapons with a shield.
You are partially covered in iridescent scales. (AC +2)


Message History

The hornet barely misses you.
Fire: e) +10 sling "Share My Sybil" {freeze, Fragile Str+6, Range, Self} (curse)
Press: ? - help, Q - select action, (/) - cycle Shift-Dir - straight line, f/p - hornet
Aim: a hornet (69% to hit)
You shoot a sling bullet.
The sling bullet barely misses the hornet.
You feel sick. The hornet stings you!
* * * LOW HITPOINT WARNING * * *
Your stasis prevents you from being slowed.
The hornet stings you!
* * * LOW HITPOINT WARNING * * *
Your stasis prevents you from being slowed.
The hornet closely misses you.
You feel better. The hornet stings you!
* * * LOW HITPOINT WARNING * * *
You are poisoned.
Your stasis prevents you from being slowed.
The hornet barely misses you.
Okay, then.
Fire: e) +10 sling "Share My Sybil" {freeze, Fragile Str+6, Range, Self} (curse)
Press: ? - help, Q - select action, (/) - cycle Shift-Dir - straight line, f/p - hornet
Aim: a hornet (69% to hit)
You shoot a sling bullet. The sling bullet hits the hornet!
The sling bullet freezes the hornet.
The hornet is moderately wounded.
You feel sick.
You hear an angry buzzing noise. x2
The hornet stings you.
* * * LOW HITPOINT WARNING * * *
Your stasis prevents you from being slowed.
The hornet misses you.
Fire: e) +10 sling "Share My Sybil" {freeze, Fragile Str+6, Range, Self} (curse)
Press: ? - help, Q - select action, (/) - cycle Shift-Dir - straight line, f/p - hornet
Aim: a hornet (moderately wounded, 69% to hit)
You shoot a sling bullet. The sling bullet hits the hornet!
The sling bullet freezes the hornet.
The hornet is almost dead.
* * * LOW HITPOINT WARNING * * *
You feel sick. The hornet stings you!
You die...

#################################
.................................
.........######..................
.........######...........#######
.................................
.<......................<........
####..#########..................
####..##### ##@####............
.........<#*#..y[y..###..........
.........##...........##.........
.........#.....###.....#.........
.........#...##, ,##...########..
.........#.##,, , ##.########..
.........# ,, *, { #.........
.........# * { #.........
.........# ** { ,#........#


You could see 2 hornets.

Vanquished Creatures
  Harold (D:9)
  Erica (D:9)
  2 two-headed ogres
  An orc sorcerer (D:11)
  Maggie (D:9)
  2 unseen horrors
  A komodo dragon (D:9)
  A troll (D:11)
  2 hornets (D:11)
  Prince Ribbit (D:9)
  2 wyverns
  2 wraiths
  16 yaks
  2 basilisks (D:8)
  A steam dragon (D:8)
  An acid dragon (D:11)
  3 water moccasins
  A floating eye (D:11)
  9 orc warriors
  2 sky beasts
  2 ice beasts (D:8)
  A black bear (D:5)
  2 ogres
  7 centaurs
  A phantom (D:5)
  2 kobold brigands
  2 bullfrogs
  7 wights
  9 killer bees (D:9)
  8 howler monkeys
  2 hounds (D:6)
  12 orc priests
  3 jellies
  A gnoll bouda (D:6)
  Jessica (D:3)
  3 iguanas
  7 orc wizards
  Robin (D:4)
  12 gnolls
  9 adders
  An ufetubus (D:4)
  2 worms (D:2)
  30 orcs
  8 ball pythons
  4 bats
  6 endoplasms
  2 giant cockroaches (D:2)
  14 goblins
  11 hobgoblins
  5 jackals
  5 quokkas
  2 frilled lizards
  18 kobolds
  2 rats (D:1)
254 creatures vanquished.

Vanquished Creatures (others)
  A fungus (D:8)
  A plant (D:8)
2 creatures vanquished.

Grand Total: 256 creatures vanquished

Notes
Turn   | Place    | Note
-------+----------+-------------------------------------------
     0 | D:1      | purpskrrrp the Formicid Hunter began the quest for the Orb.
     0 | D:1      | Reached XP level 1. HP: 16/16 MP: 1/1
   130 | D:1      | Reached XP level 2. HP: 22/22 MP: 2/2
   591 | D:1      | Reached XP level 3. HP: 27/27 MP: 3/3
  1086 | D:2      | Reached skill level 5 in Ranged Weapons
  1102 | D:2      | Identified a scroll of acquirement
  1102 | D:2      | Acquired the +10 sling "Beastbane" {freeze, Fragile Str+6}
  1209 | D:2      | Reached XP level 4. HP: 33/33 MP: 4/4
  1520 | D:2      | Found a faded altar of an unknown god.
  1621 | D:2      | Prayed at the altar of an unknown god.
  1621 | D:2      | Became a worshipper of Ashenzari the Shackled
  2026 | D:3      | Noticed Jessica
  2030 | D:3      | Killed Jessica
  2031 | D:3      | Reached skill level 6 in Ranged Weapons
  2031 | D:3      | Reached XP level 5. HP: 39/39 MP: 5/5
  2275 | D:3      | Reached * piety under Ashenzari
  2372 | D:3      | Found a shadowy altar of Dithmenos.
  2376 | D:3      | Found an ancient bone altar of Kikubaaqudgha.
  2376 | D:3      | Found an iron altar of Okawaru.
  2384 | D:3      | Found a sparkling altar of Nemelex Xobeh.
  2387 | D:3      | Found a hide-covered altar of Uskayaw.
  2528 | D:4      | Noticed Robin
  2531 | D:4      | Killed Robin
  2676 | D:4      | Noticed an ogre
  2679 | D:4      | Killed an ogre
  2680 | D:4      | Reached skill level 7 in Ranged Weapons
  2680 | D:4      | Reached XP level 6. HP: 47/47 MP: 6/6
  2896 | D:4      | Found a basalt altar of Yredelemnul.
  3040 | D:4      | Found a runed translucent door.
  3040 | D:4      | Noticed elongatedgoose's ghost (amateur SpBr)
  3293 | D:5      | Entered Level 5 of the Dungeon
  3293 | D:5      | Found Utyak's Magic Scroll Emporium.
  3326 | D:5      | Reached XP level 7. HP: 52/52 MP: 7/7
  3337 | D:5      | Reached skill level 8 in Ranged Weapons
  3431 | D:5      | Reached ** piety under Ashenzari
  3479 | D:5      | Found Toxkas's Antique Weapon Shop.
  3491 | D:5      | Gained mutation: You are partially covered in iridescent
                  | scales. (AC +2) [potion of mutation]
  3681 | D:5      | Reached skill level 9 in Ranged Weapons
  3823 | D:5      | Reached XP level 8. HP: 59/60 MP: 8/8
  4022 | D:5      | Acquired a manual of Ranged Weapons
  4024 | D:5      | Reached *** piety under Ashenzari
  4034 | D:6      | Reached skill level 10 in Ranged Weapons
  4565 | D:6      | Reached skill level 11 in Ranged Weapons
  4828 | D:7      | Noticed a wyvern
  4837 | D:6      | Killed a wyvern
  4838 | D:6      | Reached skill level 12 in Ranged Weapons
  4915 | D:6      | HP: 3/62 [poisoned by a water moccasin]
  5160 | D:7      | Found a transporter.
  5164 | D:7      | Reached XP level 9. HP: 64/68 MP: 9/9
  5167 | D:7      | Reached skill level 13 in Ranged Weapons
  5167 | D:7      | Noticed a two-headed ogre
  5172 | D:7      | Noticed Iich's ghost (novice GrEE)
  5395 | D:7      | Found a staircase to the Ecumenical Temple.
  5433 | D:7      | Reached skill level 14 in Ranged Weapons
  5561 | D:7      | Found a transporter.
  5644 | D:7      | Reached skill level 15 in Ranged Weapons
  5923 | D:8      | Found a staircase to the Lair.
  5945 | D:8      | You fall into a shaft and drop 3 floors!
  6129 | D:10     | Entered Level 10 of the Dungeon
  6129 | D:10     | Found a blossoming altar of Fedhas.
  6230 | D:8      | Found a sacrificial altar of Ru.
  6472 | D:8      | Reached XP level 10. HP: 74/74 MP: 10/10
  6552 | D:8      | Reached skill level 16 in Ranged Weapons
  6940 | D:9      | Noticed Prince Ribbit
  6940 | D:9      | Noticed Maggie
  6947 | D:9      | Killed Prince Ribbit
  6957 | D:9      | Killed Maggie
  7135 | D:9      | Reached skill level 17 in Ranged Weapons
  7178 | D:9      | Found a staircase to the Orcish Mines.
  7183 | D:9      | Noticed a two-headed ogre
  7191 | D:9      | Killed a two-headed ogre
  7293 | D:9      | Reached XP level 11. HP: 68/79 MP: 9/11
  7806 | D:9      | Reached skill level 18 in Ranged Weapons
  7933 | D:9      | Noticed Harold
  7951 | D:9      | Killed Harold
  8227 | D:9      | Found a hazy altar of Hepliaklqana.
  8227 | D:9      | Found an opulent altar of Gozag.
  8269 | D:9      | Noticed Erica
  8277 | D:9      | Killed Erica
  8302 | D:9      | Found a broken altar of Ashenzari.
  8302 | D:9      | Found a faded altar of an unknown god.
  8310 | D:9      | Found a shimmering blue altar of Sif Muna.
  8312 | D:9      | Found a snail-covered altar of Cheibriados.
  8314 | D:9      | Found a faded altar of an unknown god.
  8506 | D:9      | Acquired a manual of Dodging
  8603 | D:10     | Reached skill level 19 in Ranged Weapons
  8887 | D:10     | Noticed a two-headed ogre
  8922 | D:10     | Killed a two-headed ogre
  9191 | D:10     | Found a burning altar of Makhleb.
  9311 | D:10     | Found a white marble altar of Elyvilon.
  9311 | D:10     | Found a glowing silver altar of Zin.
  9311 | D:10     | Found a glowing golden altar of the Shining One.
  9376 | D:10     | Reached skill level 5 in Dodging
  9376 | D:10     | Reached XP level 12. HP: 85/92 MP: 9/12
  9972 | D:11     | Reached skill level 5 in Fighting
 10223 | D:11     | Noticed a sixfirhy
 10231 | D:11     | Slain by a hornet

Illustrated notes

Levels and vault maps discovered:
D:1:      lemuel_arrival_tunnels, layout_basic
D:2:      layout_basic, nicolae_ecumenical_lake_church, serial_forest,
          infiniplex_forest_clump_small, infiniplex_forest_clump_small,
          infiniplex_forest_straight_3, infiniplex_forest_straight_1,
          infiniplex_forest_lined_2
D:3:      layout_loops_corners, minmay_overflow_temple_star_hex, uniq_jessica
D:4:      layout_basic, yredelemnul_altar_generic, gammafunk_ghost_grave,
          uniq_robin
D:5:      layout_gridville, serial_shops, kennysheep_mini, abandoned_shop,
          nicolae_stop_n_shop_1
D:6:      layout_basic
D:7:      layout_cave_pools, minmay_temple_entry_offerings,
          gammafunk_ghost_arena
D:8:      layout_basic, mainiacjoe_overflow_24_doors, david_lair_generic,
          lightli_bailey_entry_fortress
D:9:      layout_stronghold, chequers_temple_overflow_minitemple,
          mainiacjoe_overflow_divided_tiny, minmay_orc_entry_temple_small,
          grunt_decor_junction, eino_jars, uniq_prince_ribbit1, uniq_harold,
          uniq_maggie, uniq_erica
D:10:     layout_loops_ring, dreamdust_divine_triumvirate, fedhas_altar_2,
          serial_glass, glass_columns_c, glass_columns_a, glass_columns_c,
          glass_columns_a, glass_columns_c, glass_columns_b, glass_columns_c,
          glass_columns_a, nrook_loot_triangle, david_defended_altar_orc
D:11:     hellmonk_paralyzer, layout_long_grid

Skill      XL: |  1  2  3  4  5  6  7  8  9 10 11 12 |
---------------+-------------------------------------+-----
Ranged Weapons | 5 6 7 9 12 15 17 19 | 19.4
Dodging        | 5 6 |  6.5
Fighting       | 4 5 |  5.6
Stealth        | |  1.2

Action                   |  1- 3 |  4- 6 |  7- 9 | 10-12 || total
-------------------------+-------+-------+-------+-------++-------
 Fire: Shortbow          |    69 |       |       |       ||    69
       Sling             |    11 |   112 |   209 |   358 ||   690
Invok: Curse Item        |       |     2 |     2 |       ||     4
 Abil: Shaft Self        |       |       |     1 |       ||     1
  Use: Scroll            |     5 |     5 |     4 |     1 ||    15
       Potion            |       |       |     2 |     3 ||     5
Armor: Leather armour    |    10 |     3 |    13 |    19 ||    45
Dodge: Dodged            |    28 |    19 |    25 |   100 ||   172

Table legend: (Time is in decaauts)
 A = Elapsed time spent in this place.
 B = Non-inter-level travel time spent in this place.
 C = Inter-level travel time spent in this place.
 D = Time resting spent in this place.
 E = Time spent auto-exploring this place.
 F = Levels seen in this place.
 G = Mean time per level.
                   A        B        C        D        E       F      G
               +--------+--------+--------+--------+--------+-----+--------+
         Total |  10138 |   9779 |    359 |   1492 |   6925 |  11 |  921.6 |
       Dungeon |  10138 |   9779 |    359 |   1492 |   6925 |  11 |  921.6 |
               +--------+--------+--------+--------+--------+-----+--------+

Top non-repeatable levels by time:
     D:9: 1587 daAuts
     D:6: 1117 daAuts
    D:10: 1095 daAuts
     D:1: 1056 daAuts
     D:3: 841 daAuts
     D:4: 812 daAuts
    D:11: 790 daAuts
     D:8: 761 daAuts
     D:7: 735 daAuts
     D:5: 728 daAuts
     D:2: 612 daAuts
